 Dungeon Crawl Stone Soup version 0.30.0 (webtiles) character file.

Game seed: 462374900528063227

401 Kepochkin the Ruffian (level 6, -2/62 HPs)
             Began as a Troll Berserker on May 14, 2023.
             Was a Priest of Trog.
             Slain by an ogre
             ... wielding a +0 giant spiked club
              (34 damage)
             ... on level 4 of the Dungeon.
             The game lasted 00:14:44 (2561 turns).

Kepochkin the Ruffian (Troll Berserker)             Turns: 2561, Time: 00:14:44

Health: -2/62      AC:  4    Str: 28    XL:     6   Next: 54%
Magic:  5/5        EV: 10    Int:  3    God:    Trog [***...]
Gold:   208        SH:  0    Dex:  9    Spells: 5/5 levels left

rFire   . .          .
                       - Unarmed
rCold   . . .        (no shield)
rNeg    . . .        a - +0 animal skin
rPois   .            (helmet restricted)
rElec   .            (no cloak)
rCorr   .            (gloves unavailable)
SInv    .            (boots unavailable)
Will    .....        b - amulet of regeneration
Stlth   +            (no ring)
HPRegen 1.90/turn    (no ring)
MPRegen 0.09/turn

%: no passive effects
@: no status effects
A: large, unfitting armour, claws 3, regeneration 1, shaggy fur 1, tough skin 1
a: Renounce Religion, Berserk, Trog's Hand


You were on level 4 of the Dungeon.
You worshipped Trog.
Trog was most pleased with you.
You visited 1 branch of the dungeon, and saw 4 of its levels.

You collected 208 gold pieces.

Inventory:

Missiles
 k - 4 large rocks (quivered)
Armour
 a - a +0 animal skin (worn)
Jewellery
 b - an amulet of regeneration (around neck)
Scrolls
 c - a scroll of identify
 d - 2 scrolls of poison {unknown}
 e - 2 scrolls of teleportation
 i - 4 scrolls of enchant armour {unknown}
 l - a scroll of immolation {unknown}
 n - a scroll of blinking {unknown}
Potions
 f - a potion of cancellation {unknown}
 g - a potion of brilliance {unknown}
 h - a potion of mutation {unknown}
 j - 2 potions of curing
 m - a potion of lignification {unknown}


   Skills:
 * Level 4.0 Fighting
 + Level 3.2 Dodging
 + Level 0.1 Stealth
 * Level 5.8 Unarmed Combat


You had 5 spell levels left.
You didn't know any spells.
Your spell library was empty.

Dungeon Overview and Level Annotations

Branches:
Dungeon (4/15)
 Temple: D:4-7

Altars:
Trog
Zin


Innate Abilities, Weirdness & Mutations

You are too large for most types of armour.
You have claws for hands.
Your natural rate of healing is unusually fast.
You are covered in fur. (AC +1)
You have tough skin. (AC +1)


Message History

You see here a +0 mace.
A ball python comes into view.
Found 10 gold pieces.
The ball python hisses angrily.
You see here 8 gold pieces.
You see here 8 gold pieces.
You now have 198 gold pieces (gained 8).
The ball python barely misses you.
You mangle the ball python!!
You kill the ball python!
Trog accepts your kill.
You see here a ball python corpse.
Found a runed rapier.
You now have 208 gold pieces (gained 10).
You see here a +0 rapier of protection.
A giant cockroach comes into view.
You scratch the giant cockroach.
You kill the giant cockroach!
Trog accepts your kill.
No target in view!
No target in view!
No target in view!
No target in view!
No target in view!
An ogre comes into view. It is wielding a +0 giant club.
The ogre shouts!
An ogre comes into view. It is wielding a +0 giant spiked club.
The ogre moves out of view.
Found a stone staircase leading up.
You scratch the ogre but do no damage.
The ogre hits you with a +0 giant spiked club!!!
Ouch! That really hurt!
You are too injured to fight recklessly!
You are too injured to fight recklessly!
You are too injured to fight recklessly!
You are too injured to fight recklessly!
You are too injured to fight recklessly!
The ogre hits you with a +0 giant spiked club!!
Ouch! That really hurt!
You die...

###########
.........#
........# .......#
<.....# .....#
#O..# #O# #@## ###
#..# .. .. ##.#
...### #..# #.....
#..## ####.. #...#
. ### #...## .#.
## #.#..## .##.##.
#.#...#####.##....


You could see 2 ogres.

Vanquished Creatures
  A phantom (D:3)
  A scorpion (D:4)
  A howler monkey (D:4)
  Natasha (twice) (D:3)
  2 orc wizards (D:3)
  6 adders
  A dart slug (D:2)
  4 orcs
  5 bats
  7 endoplasms
  3 giant cockroaches
  5 goblins
  7 hobgoblins
  9 jackals
  4 quokkas
  9 ball pythons
  A frilled lizard (D:1)
  4 kobolds
  6 rats
78 creatures vanquished.

Notes
Turn   | Place    | Note
-------+----------+-------------------------------------------
     0 | D:1      | Kepochkin the Troll Berserker began the quest for the Orb.
     0 | D:1      | Reached XP level 1. HP: 22/22 MP: 0/0
     2 | D:1      | Noticed a minotaur
     4 | D:1      | Noticed a spriggan
     6 | D:1      | Noticed a demonspawn
     6 | D:1      | Noticed a troll
     8 | D:1      | Noticed a formicid
     8 | D:1      | Noticed a human
    10 | D:1      | Noticed a tengu
    10 | D:1      | Noticed a felid
    12 | D:1      | Noticed a draconian
    14 | D:1      | Noticed an elf
    14 | D:1      | Noticed a ghoul
    16 | D:1      | Noticed an octopode
    16 | D:1      | Noticed a gargoyle
    18 | D:1      | Noticed an ogre
    18 | D:1      | Noticed an armataur
    20 | D:1      | Noticed a vine stalker
    22 | D:1      | Noticed a demigod
    22 | D:1      | Noticed a merfolk
    24 | D:1      | Noticed a meteoran
    26 | D:1      | Noticed a spriggan
    26 | D:1      | Noticed a naga
    28 | D:1      | Noticed a gargoyle
    28 | D:1      | Noticed a formicid
   176 | D:1      | Reached XP level 2. HP: 22/29 MP: 1/1
   687 | D:2      | Found a bloodstained altar of Trog.
   753 | D:2      | Reached ** piety under Trog
   754 | D:2      | Reached XP level 3. HP: 36/36 MP: 2/2
   986 | D:3      | Noticed a phantom
  1011 | D:3      | Reached skill level 4 in Unarmed Combat
  1011 | D:3      | Reached XP level 4. HP: 25/45 MP: 3/3
  1052 | D:3      | Killed a phantom
  1053 | D:3      | Reached XP level 5. HP: 47/53 MP: 4/4
  1145 | D:3      | Reached skill level 5 in Unarmed Combat
  1165 | D:3      | Found a glowing silver altar of Zin.
  1292 | D:3      | Reached *** piety under Trog
  1316 | D:3      | Noticed Natasha
  1319 | D:3      | Killed Natasha
  1477 | D:3      | Noticed Natasha
  1480 | D:3      | Killed Natasha
  1565 | D:3      | Reached XP level 6. HP: 61/61 MP: 5/5
  2561 | D:4      | Slain by an ogre

Illustrated notes

Levels and vault maps discovered:
D:1:      kb_arrival_jail, layout_basic, kennysheep_another_room
D:2:      layout_basic, basic_altar, feat_on_display
D:3:      layout_basic, mainiacjoe_overflow_boulevard, minmay_diced_spiral,
          uniq_natasha
D:4:      layout_rooms, lemuel_round_altar

Skill      XL: |  1  2  3  4  5  6 |
---------------+-------------------+-----
Fighting       | 3 4 |  4.0
Unarmed Combat | 4 5 |  5.8
Dodging        | 3 |  3.2
Stealth        | |  0.1

Action                     |  1- 3 |  4- 6 || total
---------------------------+-------+-------++-------
  Melee: Unarmed           |   123 |   109 ||   232
         Punch             |     2 |       ||     2
    Use: Potion            |       |     4 ||     4
         Scroll            |       |     1 ||     1
 Armour: Animal skin       |    62 |    39 ||   101
  Dodge: Dodged            |    72 |    57 ||   129
